 Dungeon Crawl Stone Soup version 0.31.0-32-g396128a36d (webtiles) character file.

Game seed: 13301283192044650851

88 safid the Ruffian (level 4, -1/35 HPs)
             Began as a Draconian Shapeshifter on Apr 4, 2024.
             Slain by Robin
             ... wielding a +0 trident
              (6 damage)
             ... on level 2 of the Dungeon.
             The game lasted 00:02:27 (1070 turns).

safid the Ruffian (Draconian Shapeshifter)          Turns: 1070, Time: 00:02:28

Health: -1/35      AC:  5    Str: 18    XL:     4   Next: 29%
Magic:  0/4        EV: 12    Int: 10    God:
Gold:   34         SH:  0    Dex: 11    Spells: 3/3 levels left

rFire   . .          .
                       - Unarmed
rCold   . . .        (no shield)
rNeg    . . .        (body armour unavailable)
rPois   .            (helmet currently unavailable)
rElec   .            (cloak currently unavailable)
rCorr   .            (gloves currently unavailable)
SInv    .            (boots currently unavailable)
Will    .....        d - amulet of guardian spirit
Stlth   +            (no ring)
HPRegen 0.25/turn    (no ring)
MPRegen 0.09/turn

%: guardian spirit
@: beast-form
A: beast (slay +2), AC +5, unfitting armour, cold-blooded
a: Begin Untransformation


You were on level 2 of the Dungeon.
You were a hulking beast.
You visited 1 branch of the dungeon, and saw 2 of its levels.

You collected 34 gold pieces.

Inventory:

Jewellery
 d - an amulet of guardian spirit (around neck)
 e - an amulet of the acrobat
Talismans
 b - a beast talisman
 c - a flux talisman
Scrolls
 g - 4 scrolls of identify {unknown}
 j - a scroll of teleportation {unknown}
 k - a scroll of poison {unknown}
Potions
 a - a potion of lignification
 f - a potion of magic {unknown}
 h - 3 potions of heal wounds {unknown}
 i - a potion of might {unknown}


   Skills:
 + Level 1.3 Fighting
 - Level 2.0 Dodging
 + Level 4.2 Unarmed Combat
 + Level 3.8 Shapeshifting


You had 3 spell levels left.
You didn't know any spells.
Your spell library contained the following spells:

 Spells                   Type           Power      Damage    Failure   Level
 Blink                    Tloc           0%         N/A       50%         2
 Lesser Beckoning         Tloc           0%         N/A       50%         2
 Momentum Strike          Conj/Tloc      0%         3d8       50%         2
 Scorch                   Fire           0%         2d5       50%         2
 Flame Wave               Conj/Fire      0%         2d4       98%         4
 Summon Cactus Giant      Summ           0%         N/A       100%        6


Dungeon Overview and Level Annotations

Branches:
Dungeon (2/15)

Altars:

Annotations:
D:2 Robin


Innate Abilities, Weirdness & Mutations

You are a hulking beast.
Your limbs bulge with bestial killing power. (Slay +2)
Your plain brown scales are hard. (AC +5)
You cannot fit into any form of body armour.
You are cold-blooded and may be slowed by cold attacks.


Message History

Robin roars a battlecry!
The goblin goes into a battle-frenzy!
The goblin hits you but does no damage. x2
You hit the goblin.
You kill the goblin!
The goblin barely misses you.
Things that are here:
a +0 dagger; a goblin corpse You closely miss the goblin.
You punch the goblin.
The goblin is severely wounded.
You barely miss the goblin.
The goblin is severely wounded.
The goblin hits you with a +0 club.
* * * LOW HITPOINT WARNING * * *
You punch the goblin!
You kill the goblin!
You barely miss the goblin. The goblin hits you with a +0 club.
* * * LOW HITPOINT WARNING * * *
You punch the goblin!
You kill the goblin!
You barely miss the rat. You tail-slap the rat.
You kill the rat!
Robin barely misses you.
Items here: )))) †††††.
You hit Robin.
Robin is moderately wounded.
Robin hits you but does no damage.
You barely miss Robin.
Your tail-slap misses Robin.
Robin is moderately wounded.
Robin says, "My army is invincible!"
Robin closely misses you.
You hit Robin.
Robin is heavily wounded.
Robin hits you with a +0 trident!
* * * LOW HITPOINT WARNING * * *
You hit Robin.
Robin is heavily wounded.
Robin hits you with a +0 trident!
You die...
Robin says, "And that's why I'm the boss."

# ##.#.#.# #.# ### ......## #g#
..###.#.#.... ..# ....#. .....#
##.## .)#.#.##....# ###...###
..>.##......# #.......
##..##......# #.#.).#
##..#.......######.##.# #.#
#.............)hg..).# #.#
##..#........########.# ###.##
..(..........# #.# #.....
##.####......########.######.....
#.........................#.....
##.#######...########......#...).
...## #..## ######.#..... ......
...# #.###.## ###### #.#
######.###.#


You could see Robin.

Vanquished Creatures
  3 adders (D:2)
  2 dart slugs
  8 hobgoblins
  7 ball pythons
  6 bats
  3 frilled lizards
  18 goblins
  A kobold (D:1)
  8 rats
56 creatures vanquished.

Notes
Turn   | Place    | Note
-------+----------+-------------------------------------------
     0 | D:1      | safid the Draconian Shapeshifter began the quest for the
                  | Orb.
     0 | D:1      | Reached XP level 1. HP: 16/16 MP: 1/1
   102 | D:1      | Reached XP level 2. HP: 19/23 MP: 2/2
   432 | D:1      | Reached XP level 3. HP: 28/28 MP: 3/3
   861 | D:2      | Reached skill level 4 in Unarmed Combat
   861 | D:2      | Reached XP level 4. HP: 26/35 MP: 2/4
  1039 | D:2      | Noticed Robin
  1070 | D:2      | Slain by Robin

Illustrated notes

Levels and vault maps discovered:
D:1:      dpeg_arrival_subterranean_lakeside_camping, layout_rooms,
          serial_glass, glass_columns_b, glass_columns_b
D:2:      cheibrodos_old_hovel, layout_loops_ring, uniq_terence, uniq_robin

Skill      XL: |  1  2  3 |
---------------+----------+-----
Dodging        | 2 |  2.0
Unarmed Combat | 4 |  4.2
Fighting       | |  1.3
Shapeshifting  | |  3.8

Action                     |  1- 3 |  4- 6 || total
---------------------------+-------+-------++-------
  Melee: Unarmed           |   111 |    38 ||   149
         Tailslap          |    11 |     2 ||    13
         Punch             |       |     1 ||     1
 Armour: Skin              |    60 |    32 ||    92
  Dodge: Dodged            |    54 |    26 ||    80
